 Dungeon Crawl Stone Soup version 0.28-b1-25-g9875b3fc8c (webtiles) character file.

Game seed: 11544235152915939157

160 Masnef the Nimble (level 5, 0/37 HPs)
             Began as a Gnoll Wanderer on Feb 6, 2022.
             Was a Plaything of Xom.
             Succumbed to a scorpion's poison
             ... on level 4 of the Dungeon.
             The game lasted 00:07:31 (3090 turns).

Masnef the Nimble (Gnoll Wanderer)                  Turns: 3090, Time: 00:07:31

Health: 0/37       AC:  4    Str:  8 (9)  XL:     5   Next: 41%
Magic:  9/9        EV: 14    Int: 12 (14) God:    Xom [.*....]
Gold:   165        SH:  5    Dex: 14 (15) Spells: 6/10 levels left

rFire   . . .      SeeInvis .   g - +0 short sword
rCold   . . .      Faith    .   c - +0 buckler
rNeg    . . .      Spirit   .   d - +0 leather armour
rPois   .          Reflect  .   (helmet restricted)
rElec   .          Harm     .   i - +0 cloak
rCorr   .          Rampage  .   (no gloves)
Will    +....                   (no boots)
Stlth   ++........              (no amulet)
HPRegen 0.12/turn               n - ring of wizardry
MPRegen 0.11/turn               k - ring of willpower

@: lethally poisoned (0 -> -16)
A: fangs 1, strong nose, distributed training, antennae 2, hooves 1, agile 1
a: Renounce Religion


You were on level 4 of the Dungeon.
You worshipped Xom.
You were a plaything of Xom.
You visited 1 branch of the dungeon, and saw 4 of its levels.

You collected 165 gold pieces.

Inventory:

Hand Weapons
 a - a +0 dagger
 g - a +0 short sword (weapon)
Missiles
 b - a throwing net (quivered)
 t - 6 silver boomerangs
Armour
 c - a +0 buckler (worn)
 d - a +0 leather armour (worn)
 i - a +0 cloak (worn)
Jewellery
 k - a ring of willpower (right hand)
 n - a ring of wizardry (left hand)
 o - a ring of see invisible
Wands
 p - a wand of paralysis (3)
Scrolls
 f - 2 scrolls of identify
 j - a scroll of acquirement
 r - a scroll of magic mapping {unknown}
 s - a scroll of noise {unknown}
Potions
 e - a potion of cancellation
 h - a potion of curing {unknown}
 q - a potion of might


   Skills:
 + Level 1.4 Fighting
 + Level 1.4 Short Blades
 + Level 1.4 Long Blades
 + Level 1.4 Axes
 + Level 1.4 Maces & Flails
 + Level 1.4 Polearms
 + Level 1.4 Staves
 + Level 1.4 Slings
 + Level 1.4 Bows
 + Level 1.4 Crossbows
 + Level 1.4 Throwing
 + Level 1.4 Armour
 + Level 8.6 Dodging
 + Level 1.4 Stealth
 + Level 4.8 Shields
 + Level 1.4 Unarmed Combat
 + Level 3.1 Spellcasting
 + Level 1.1 Conjurations
 + Level 1.1 Hexes
 + Level 1.1 Summonings
 + Level 1.1 Necromancy
 + Level 1.1 Translocations
 + Level 1.1 Transmutations
 + Level 1.1 Fire Magic
 + Level 3.9 Ice Magic
 + Level 1.1 Air Magic
 + Level 1.1 Earth Magic
 + Level 1.1 Poison Magic
 + Level 3.0 Invocations
 + Level 1.4 Evocations


You had 6 spell levels left.
You knew the following spells:

 Your Spells              Type           Power      Damage    Failure   Level
a - Freeze                Ice            44%        1d6       3%          1
b - Frozen Ramparts       Ice            22%        1d4       11%         3

Your spell library contained the following spells:

 Spells                   Type           Power      Damage    Failure   Level
 Apportation              Tloc           8%         N/A       12%         1
 Magic Dart               Conj           16%        1d3       12%         1
 Searing Ray              Conj           8%         2d4       16%         2
 Fulminant Prism          Conj/Hex       2%         3d6       69%         4
 Alistair's Intoxication  Tmut/Pois      2%         N/A       95%         5


Dungeon Overview and Level Annotations

Branches:
Dungeon (4/15)
 Temple: D:4-7

Altars:
Xom


Innate Abilities, Weirdness & Mutations

You have very sharp teeth.
Your uncanny sense of smell can sniff out nearby items.
Your experience applies equally to all skills.
You have a pair of antennae on your head.
You have large cloven feet.
You are agile. (Dex +2)


Message History

The scorpion is lightly wounded.
The scorpion closely misses you.
You barely miss the scorpion. You kick the scorpion.
Your bite misses the scorpion.
The scorpion is moderately wounded.
The scorpion stings you!
You closely miss the scorpion.
The scorpion is moderately wounded.
The scorpion barely misses you.
You hit the scorpion.
The scorpion is moderately wounded.
The scorpion stings you but does no damage.
The scorpion barely misses you.
You barely miss the scorpion.
The endoplasm quivers.
You kick the scorpion, but do no damage.
The scorpion is moderately wounded.
The scorpion stings you.
You are poisoned.
The scorpion poisons you!
It was a potion of degeneration.
There was something very wrong with that liquid.
You feel weakened.
You feel dopey.
You feel clumsy.
You feel very sick. The scorpion stings you.
* * * LOW HITPOINT WARNING * * *
You are more poisoned.
The scorpion poisons you!
It was a potion of resistance.
You feel protected.
Xom thinks this is hilarious!
* * * LOW HITPOINT WARNING * * *
You feel very sick. The scorpion misses you. You block the scorpion's attack.
Unknown command.
It was a potion of cancellation.
Your magical effects are unravelling.
You feel magically purged.
Your resistance to elements expires.
You die...
Xom giggles madly!

#....#...........[...#
#....#...............#
∆
#....#...........(...#
∆
#....#...............#
#....#....†.J........#
#....#.......).......#
####+#...............#
...........########
.......@...#
.......s...#
...........#
...........#
######......# #......+
#......# #...!..#
#......#


You could see a scorpion and an endoplasm.

Vanquished Creatures
  A hound skeleton (D:2)
  5 adders
  2 dart slugs
  3 orcs (D:3)
  8 ball pythons
  6 endoplasms
  A giant cockroach (D:3)
  8 hobgoblins
  4 quokkas
  4 bats
  5 frilled lizards
  7 goblins
  4 kobolds
  4 rats
62 creatures vanquished.

Vanquished Creatures (collateral kills)
  A bullfrog skeleton (D:4)
1 creature vanquished.

Grand Total: 63 creatures vanquished

Notes
Turn   | Place    | Note
-------+----------+-------------------------------------------
     0 | D:1      | Masnef the Gnoll Wanderer began the quest for the Orb.
     0 | D:1      | Masnef set off with the following items: a +0 dagger, 2
                  | throwing nets, a +0 buckler, a +0 leather armour; and the
                  | following spell memorised: Freeze; and the following spells
                  | available to memorise: Frozen Ramparts
     0 | D:1      | Reached XP level 1. HP: 13/13 MP: 4/4
   412 | D:1      | Reached XP level 2. HP: 18/19 MP: 3/5
   683 | D:1      | Reached XP level 3. HP: 19/25 MP: 4/7
  1351 | D:2      | Reached skill level 1 in Fighting
  1351 | D:2      | Reached skill level 1 in Short Blades
  1351 | D:2      | Reached skill level 1 in Long Blades
  1351 | D:2      | Reached skill level 1 in Axes
  1351 | D:2      | Reached skill level 1 in Maces & Flails
  1351 | D:2      | Reached skill level 1 in Polearms
  1351 | D:2      | Reached skill level 1 in Staves
  1351 | D:2      | Reached skill level 1 in Slings
  1351 | D:2      | Reached skill level 1 in Bows
  1351 | D:2      | Reached skill level 1 in Crossbows
  1351 | D:2      | Reached skill level 1 in Throwing
  1351 | D:2      | Reached skill level 1 in Armour
  1351 | D:2      | Reached skill level 1 in Stealth
  1351 | D:2      | Reached skill level 1 in Unarmed Combat
  1351 | D:2      | Reached skill level 1 in Evocations
  1352 | D:2      | Reached XP level 4. HP: 27/32 MP: 3/8
  1356 | D:2      | Learned a level 3 spell: Frozen Ramparts
  1594 | D:2      | Found a faded altar of an unknown god.
  1598 | D:2      | Prayed at the altar of an unknown god.
  1598 | D:2      | Became a worshipper of Xom the Random
  1619 | D:2      | Reached skill level 1 in Conjurations
  1619 | D:2      | Reached skill level 1 in Hexes
  1619 | D:2      | Reached skill level 1 in Summonings
  1619 | D:2      | Reached skill level 1 in Necromancy
  1619 | D:2      | Reached skill level 1 in Translocations
  1619 | D:2      | Reached skill level 1 in Transmutations
  1619 | D:2      | Reached skill level 1 in Fire Magic
  1619 | D:2      | Reached skill level 1 in Air Magic
  1619 | D:2      | Reached skill level 1 in Earth Magic
  1619 | D:2      | Reached skill level 1 in Poison Magic
  1904 | D:2      | XOM: 3-stop teleportation journey
  2061 | D:2      | XOM: silly message
  2245 | D:3      | Identified a scroll of acquirement
  2264 | D:3      | XOM: 2-stop teleportation journey
  2699 | D:3      | Reached XP level 5. HP: 36/37 MP: 9/9
  2714 | D:3      | XOM: noise
  2831 | D:3      | XOM: give mutations
  2831 | D:3      | Gained mutation: You have a pair of small antennae on your
                  | head. [Xom's grace]
  2831 | D:3      | Gained mutation: You have a pair of antennae on your head.
                  | [Xom's grace]
  2831 | D:3      | Gained mutation: You have large cloven feet. [Xom's grace]
  2831 | D:3      | Gained mutation: You are agile. (Dex +2) [Xom's grace]
  2952 | D:4      | XOM: summons 5 friendly demons
  2985 | D:4      | XOM: cloud trail
  3055 | D:4      | XOM: cast spell 'Cause Fear'
  3090 | D:4      | Succumbed to a scorpion's poison

Illustrated notes

Levels and vault maps discovered:
D:1:      elethiomel_arrival_quiet, layout_basic, amcnicky_mini_pool_small
D:2:      layout_loops_ring, shapermc_ecumenical_altar_venn,
          minmay_small_reverse_x
D:3:      layout_rooms
D:4:      layout_gridville, gammafunk_temple_overflow_statue,
          chequers_serial_rivers_micro_b, uniq_grinder

Skill      XL: |  1  2  3  4 |
---------------+-------------+-----
Fighting       | 1 |  1.4
Short Blades   | 1 |  1.4
Long Blades    | 1 |  1.4
Axes           | 1 |  1.4
Maces & Flails | 1 |  1.4
Polearms       | 1 |  1.4
Staves         | 1 |  1.4
Slings         | 1 |  1.4
Bows           | 1 |  1.4
Crossbows      | 1 |  1.4
Throwing       | 1 |  1.4
Armour         | 1 |  1.4
Stealth        | 1 |  1.4
Unarmed Combat | 1 |  1.4
Evocations     | 1 |  1.4
Spellcasting   | 3 |  3.1
Conjurations   | 1 |  1.1
Hexes          | 1 |  1.1
Summonings     | 1 |  1.1
Necromancy     | 1 |  1.1
Translocations | 1 |  1.1
Transmutations | 1 |  1.1
Fire Magic     | 1 |  1.1
Air Magic      | 1 |  1.1
Earth Magic    | 1 |  1.1
Poison Magic   | 1 |  1.1
Invocations    | 3 |  3.0
Dodging        | |  8.6
Shields        | |  4.8
Ice Magic      | |  3.9

Action                   |  1- 3 |  4- 6 || total
-------------------------+-------+-------++-------
Melee: Dagger            |    45 |       ||    45
       Bite              |    15 |    10 ||    25
       Short sword       |    71 |   118 ||   189
       Kick              |       |    10 ||    10
Throw: Throwing net      |       |     2 ||     2
 Cast: Freeze            |    20 |     9 ||    29
       Frozen Ramparts   |       |     2 ||     2
Evoke: Wand              |       |     1 ||     1
  Use: Scroll            |       |     2 ||     2
       Potion            |       |     3 ||     3
 Stab: Sleeping          |     1 |     1 ||     2
       Distracted        |     1 |       ||     1
       Petrified         |       |     4 ||     4
Armor: Leather armour    |    27 |    28 ||    55
Dodge: Dodged            |    70 |    90 ||   160
Block: Buckler           |    37 |    34 ||    71
